 Dungeon Crawl Stone Soup version 0.17.0-27-g4a3f43e (webtiles) character file.

220383 Ivanskos the Warrior (level 18, -4/144 HPs)
             Began as a Deep Dwarf Fighter on Nov 20, 2015.
             Was the Champion of Makhleb.
             Slain by an acid blob (38 damage)
             ... on level 3 of the Pits of Slime on Nov 21, 2015.
             The game lasted 05:47:59 (34673 turns).

Ivanskos the Warrior (Deep Dwarf Fighter)          Turns: 34673, Time: 05:47:59

Health: -4/144     AC: -9    Str: 28    XL:     18   Next: 4%
Magic:  23/23      EV: 20    Int: 11    God:    Makhleb [******]
Gold:   3132       SH: 15    Dex: 17    Spells: 0 memorised, 17 levels left

rFire  + + +     SeeInvis +     F - +2 hand axe "Vow Tihe" {venom, rPois rF+ SInv}
rCold  + . .     Clarity  .     T - +5 scale mail "Ogroh" {+Fly MR+ rCorr Str+3}
rNeg   + . .     SustAt   .     G - +0 shield {reflect}
rPois  +         Gourm    .     p - +2 helmet
rElec  +         Spirit   .     j - +0 cloak
rCorr  +         Warding  .     f - +0 pair of gloves of Widop {rPois MR+ Slay+3}
rMut   .         Stasis   .     y - +1 pair of boots
MR     ++++.                    W - amulet of rage
Stlth  +.........               A - ring "Venach" {*Confuse rElec rF++ Int+4 Dex+3}
                                r - ring "Anuwkowk" {rF+ Dex+3 Stlth+}

@: corroded equipment, non-regenerating, incredibly resistant to hostile
enchantments, very unstealthy
A: damage resistance, recharge devices, clumsy 2, cold resistance 1, deformed
body, dopey 1, frail 2, negative energy resistance 1, sense surroundings 3,
shaggy fur 1, slow regeneration 3
a: Device Recharging, Minor Destruction, Lesser Servant of Makhleb, Major
Destruction, Greater Servant of Makhleb, Renounce Religion, Evoke Berserk Rage,
Evoke Flight
}: 2/15 runes: decaying, gossamer


You were on level 3 of the Pits of Slime.
You worshipped Makhleb.
Makhleb was exalted by your worship.
You were not hungry.

You visited 7 branches of the dungeon, and saw 35 of its levels.
You also visited: Labyrinth, Ossuary and Ice Cave.

You collected 3430 gold pieces.
You spent 298 gold pieces at shops.

Inventory:

Hand Weapons
 F - the +2 hand axe "Vow Tihe" (weapon) {venom, rPois rF+ SInv}
   (You found it on level 8 of the Dungeon)

   It poisons the flesh of those it strikes.
   It protects you from fire.
   It protects you from poison.
   It lets you see invisible.
 L - the +9 halberd of Dischord {antimagic, +Fly rC+ Int+3 Stlth+}
   (You found it on level 3 of the Swamp)

   It disrupts the flow of magical energy around spellcasters and certain
   magical creatures (including the wielder).
   It affects your intelligence (+3).
   It protects you from cold.
   It lets you fly.
   It makes you more stealthy.
 R - a +4 morningstar
Armour
 f - the +0 pair of gloves of Widop (worn) {rPois MR+ Slay+3}
   (You found it on level 1 of the Spider Nest)

   It affects your accuracy and damage with ranged weapons and melee attacks
   (+3).
   It protects you from poison.
   It affects your resistance to hostile enchantments.
 j - a +0 cloak (worn)
 p - a +2 helmet (worn)
 y - a +1 pair of boots (worn)
 G - a +0 shield of reflection (worn)
 T - the +5 scale mail "Ogroh" (worn) {+Fly MR+ rCorr Str+3}
   (You found it on level 2 of the Swamp)

   It affects your strength (+3).
   It affects your resistance to hostile enchantments.
   It lets you fly.
   It protects you from acid and corrosion.
 Z - a +1 large shield of protection
Jewellery
 r - the ring "Anuwkowk" (left hand) {rF+ Dex+3 Stlth+}
   (You found it on level 3 of the Spider Nest)

   [ring of protection from fire]

   It affects your dexterity (+3).
   It protects you from fire.
   It makes you more stealthy.
 A - the ring "Venach" (right hand) {*Confuse rElec rF++ Int+4 Dex+3}
   (You found it on level 7 of the Dungeon)

   [ring of dexterity]

   It affects your intelligence (+4).
   It affects your dexterity (+3).
   It greatly protects you from fire.
   It insulates you from electricity.
   It may confuse you when you take damage.
 W - an amulet of rage (around neck)
Wands
 e - a wand of heal wounds (0)
 D - a wand of hasting (1)
 J - a wand of heal wounds (0)
 Q - a wand of disintegration (1)
 X - a wand of teleportation (4)
Scrolls
 a - 5 scrolls of magic mapping
 g - 13 scrolls of remove curse
 h - 6 scrolls of enchant armour
 k - 5 scrolls of fog
 o - 4 scrolls of identify
 s - 4 scrolls of teleportation
 E - a scroll of acquirement
 P - a scroll of fear
 V - a scroll of brand weapon
Potions
 c - 5 potions of ambrosia
 d - a potion of berserk rage
 i - 4 potions of lignification
 l - 5 potions of curing
 m - a potion of mutation
 q - 4 potions of agility
 v - 2 potions of cancellation
 K - a potion of haste
 N - 2 potions of invisibility
 S - a potion of resistance
 U - a potion of cure mutation
Miscellaneous
 u - a lamp of fire
Comestibles
 n - 11 royal jellies
 t - 9 bread rations
 H - 6 fruits


   Skills:
 * Level 15.9 Fighting
 + Level 14.3 Axes
 + Level 14.8 Armour
 + Level 13.4 Dodging
 + Level 14.7 Shields
 + Level 14.0 Invocations


You had 17 spell levels left.
You didn't know any spells.

Dungeon Overview and Level Annotations

Branches:
Dungeon (11/15)            Temple (1/1) D:7            Lair (8/8) D:11
  Swamp (4/4) Lair:6       Spider (4/4) Lair:6        Slime (3/6) Lair:8
    Orc (4/4) D:11            Elf (0/3) Orc:4

Altars:
Ashenzari
Cheibriados
Dithmenos
Elyvilon
Fedhas
Gozag
Kikubaaqudgha
Makhleb
Nemelex Xobeh
Okawaru
Qazlal
Ru
Sif Muna
Trog
Vehumet
Xom
Yredelemnul
Zin
The Shining One
Beogh
Jiyva

Shops:
D:5 (   D:6 (%   D:7 =*!%!   Orc:4 ***}

Annotations:
Lair:7 exclusion: ice statue


Innate Abilities, Weirdness & Mutations

You are resistant to damage.
You can recharge devices by infusing magical energy.
You resist negative energy.
You passively map a large area around you.
You do not regenerate naturally.
You are very clumsy. (Dex -4)
Your flesh is cold resistant.
Armour fits poorly on your strangely shaped body.
You are dopey. (Int -2)
You are very frail (-20% HP).
You are covered in fur (AC +1).


Message History

The acid blob spits acid at you. The splash of acid misses you.
The acid blob hits you!
* * * LOW HITPOINT WARNING * * *
You are splashed with acid!
The acid burns!
You resist.
* * * LOW HITPOINT WARNING * * *
You hit the acid blob.
Your hands burn!
The acid blob is heavily wounded.
You hit the acid blob but do no damage.
Your hands burn!
The acid blob is heavily wounded.
The acid blob misses you. The acid blob spits acid at you.
The splash of acid hits you! You resist.
* * * LOW HITPOINT WARNING * * *
The acid burns!
You resist.
* * * LOW HITPOINT WARNING * * *
As you read the scroll of fear, it crumbles to dust.
You assume a fearsome visage.
The acid blob resists with almost no effort. x2
The acid blob hits you!!!
You die...

#...........#.#.#......
##.#........##.##......
*###...#.>............ *
##.##....^............
*.##...#...#.............
.....#......#..........#
......#.......>.....#...
*#....JJ...........##...
##....@............#... *
#.......##............
......#.................
*
.#..###................#
.... .................. ,
..., .................. *
. ................... ,
....>.............. * ,
..##........#..


You could see 2 acid blobs.

Vanquished Creatures
  Arachne (Spider:2)
  An acid blob (Slime:1)
  2 thorn hunters (Swamp:4)
  Wiglaf (Spider:2)
  An azure jelly (Slime:2)
  Aizul (Spider:3)
  5 ghost moths
  9 emperor scorpions
  Snorg (Orc:4)
  A fire dragon (Lair:8)
  Josephine (Lair:5)
  A minotaur (Lab)
  Fannar (Lair:3)
  Harold (Orc:3)
  23 hydras
  The ghost of Gargoyl the Blocker, a journeyman DsAK of Lugonu (Orc:3)
  2 ghost crabs
  Erica (Lair:2)
  18 alligators
  7 death yaks
  Urug (Lair:4)
  11 swamp dragons
  2 spriggan druids (Swamp:4)
  5 hill giants
  5 shambling mangroves
  An obsidian statue (D:8)
  An orange crystal statue (D:8)
  Pikel (D:9)
  An orc sorcerer (Orc:2)
  6 orc knights (Orc:4)
  14 orb spiders
  25 wolf spiders
  6 hornets
  4 ugly things (Swamp:4)
  8 elephants
  A cyclops (D:11)
  5 shining eyes
  2 torpor snails
  3 ice statues (IceCv)
  5 fire drakes
  9 komodo dragons
  6 black mambas
  20 spiny frogs
  7 demonic crawlers
  27 jumping spiders
  12 giant leeches
  A queen bee (Lair:1)
  57 slime creatures
  4 polar bears (Lair:7)
  2 trolls
  17 blink frogs
  14 trapdoor spiders
  49 redbacks
  3 wraiths (Lair:5)
  4 hungry ghosts
  4 wyverns
  5 spriggans
  40 yaks
  3 basilisks
  17 tarantellas
  10 vampire mosquitoes
  15 wolves
  12 wargs
  8 hippogriffs
  10 water moccasins
  A mottled dragon (Lair:8)
  7 porcupines
  A soldier ant (D:10)
  4 insubstantial wisps (Swamp:3)
  29 swamp worms
  40 orc warriors
  3 phantoms
  A slave (D:9)
  13 swamp drakes
  A black bear (D:5)
  32 spiders
  11 wasps
  19 ice beasts
  3 eyes of draining (Slime:2)
  A necrophage (D:5)
  8 centaurs
  16 crocodiles
  12 ogres
  13 giant frogs
  A wyvern zombie (Ossuary)
  An earth elemental (Lab)
  2 wyvern skeletons
  2 scorpions (D:7)
  A water moccasin zombie (Ossuary)
  27 killer bees
  A water moccasin skeleton (D:4)
  4 electric eels
  4 wights (D:11)
  17 bog bodies
  4 crimson imps
  A centaur zombie (Ossuary)
  17 orc priests
  2 giant frog zombies
  6 jellies
  A wasp zombie (Ossuary)
  5 centaur skeletons
  3 hounds
  4 lava snakes (Lab)
  Crazy Yiuf (D:3)
  22 orc wizards
  A giant frog skeleton (D:11)
  A killer bee zombie (Ossuary)
  A statue (D:5)
  6 worker ants
  17 sheep
  9 iguanas
  A hound zombie (D:5)
  2 hound skeletons
  6 worker ant zombies
  5 gnolls (D:4)
  3 mummies (Ossuary)
  99 river rats
  12 adders
  2 shadow imps
  13 white imps (Lair:7)
  3 adder zombies
  A worm (D:4)
  An adder skeleton (D:8)
  4 giant geckos
  205 orcs
  3 ball pythons
  14 hobgoblins
  11 kobolds
  7 quokkas
  5 bats
  5 giant cockroaches
  A giant cockroach zombie (Ossuary)
  6 giant newts
  4 goblins
  9 jackals
  A jackal zombie (Ossuary)
  2 quokka zombies (Ossuary)
  10 rats
  4 briar patches (Swamp:4)
  12 fungi
  5 plants
1374 creatures vanquished.

Vanquished Creatures (collateral kills)
  Jorgrun (Spider:2)
  Roxanne (Swamp:1)
  Louise (Spider:1)
  A ghost moth (Spider:2)
  An entropy weaver (Spider:2)
  3 hydras
  2 orb spiders (Spider:2)
  A spiny frog (Swamp:2)
  A demonic crawler (Spider:2)
  A slime creature (Swamp:2)
  4 redbacks (Spider:2)
  3 tarantellas (Spider:2)
  A trapdoor spider (Spider:2)
  A swamp worm (Swamp:1)
  2 vampire mosquitoes (Swamp:2)
  A wasp (Spider:1)
  4 spiders (Spider:2)
29 creatures vanquished.

Vanquished Creatures (others)
  A wizard (Swamp:3)
  A redback (Spider:4)
  A spider (Spider:3)
  A water moccasin zombie (D:9)
  An iguana (Lair:8)
  2 orcs (D:11)
  14 fungi
  13 plants
34 creatures vanquished.

Grand Total: 1437 creatures vanquished

Notes
Turn   | Place    | Note
--------------------------------------------------------------
     0 | D:1      | Ivanskos the Deep Dwarf Fighter began the quest for the Orb.
     0 | D:1      | Reached XP level 1. HP: 20/20 MP: 1/1
    78 | D:1      | Reached XP level 2. HP: 27/27 MP: 2/2
   736 | D:1      | Reached XP level 3. HP: 23/34 MP: 3/3
   840 | D:2      | Found an opulent altar of Gozag.
  1079 | D:2      | Reached skill level 1 in Dodging
  1317 | D:2      | Found a glowing silver altar of Zin.
  1528 | D:3      | Reached XP level 4. HP: 37/43 MP: 4/4
  2218 | D:3      | Noticed Crazy Yiuf
  2225 | D:3      | Paralysed by Crazy Yiuf for 2 turns
  2231 | D:3      | Killed Crazy Yiuf
  2313 | D:4      | Reached XP level 5. HP: 34/50 MP: 5/5
  2316 | D:4      | Noticed a giant frog
  2326 | D:4      | Killed a giant frog
  2326 | D:4      | Reached skill level 4 in Fighting
  2329 | D:4      | Noticed a phantom
  2395 | D:4      | Killed a phantom
  2395 | D:4      | Reached XP level 6. HP: 19/58 MP: 6/6
  2664 | D:4      | Found a sand-covered staircase.
  2680 | Ossuary  | Entered an ossuary
  2706 | Ossuary  | Reached XP level 7. HP: 31/66 MP: 7/7
  2738 | Ossuary  | Reached skill level 5 in Fighting
  2806 | Ossuary  | Reached skill level 5 in Armour
  2808 | Ossuary  | Reached skill level 5 in Shields
  2950 | Ossuary  | Reached XP level 8. HP: 17/75 MP: 8/8
  3183 | D:4      | Found a bloodstained altar of Trog.
  3242 | D:4      | Noticed an ogre
  3256 | D:4      | Killed an ogre
  3256 | D:4      | Reached skill level 6 in Fighting
  3302 | D:5      | Entered Level 5 of the Dungeon
  3315 | D:5      | Reached skill level 5 in Axes
  3366 | D:5      | Found Uchobb's Antique Weapon Emporium.
  3419 | D:5      | Found a radiant altar of Vehumet.
  3514 | D:5      | Found a white marble altar of Elyvilon.
  3696 | D:5      | Gained mutation: You passively map the area around you. [Deep Dwarf growth]
  3696 | D:5      | Reached XP level 9. HP: 25/84 MP: 8/8
  3804 | D:5      | Reached skill level 5 in Dodging
  3805 | D:5      | Reached skill level 7 in Fighting
  4176 | D:6      | Found Buwnits's Food Shoppe.
  4217 | D:6      | Bought a meat ration for 65 gold pieces
  4217 | D:6      | Bought a meat ration for 65 gold pieces
  4227 | D:6      | Found a radiant altar of Vehumet.
  4439 | D:6      | Found a glowing golden altar of the Shining One.
  4708 | D:6      | Found Afoteetu's Antique Weapon Shop.
  4916 | D:7      | Got a transparent silver ring
  4921 | D:7      | Identified the ring "Venach" {*Confuse rElec rF++ Int+4 Dex+3} (You found it on level 7 of the Dungeon)
  4937 | D:7      | Found Qaidim's Jewellery Boutique.
  5032 | D:7      | Found Yteatsie's General Store.
  5049 | D:7      | Found a staircase to the Ecumenical Temple.
  5118 | Temple   | Entered the Ecumenical Temple
  5175 | Temple   | Became a worshipper of Makhleb the Destroyer
  5284 | D:7      | Found Jyasiuj's Food Shop.
  5342 | D:7      | Found an iron altar of Okawaru.
  5475 | D:7      | Reached * piety under Makhleb
  5476 | D:7      | Found Ucsassar's Distillery.
  5485 | D:7      | Bought a potion of lignification for 36 gold pieces
  5485 | D:7      | Bought a potion of might for 48 gold pieces
  5485 | D:7      | Bought a potion of agility for 48 gold pieces
  5485 | D:7      | Bought a potion of lignification for 36 gold pieces
  5555 | D:7      | Reached skill level 8 in Fighting
  5667 | D:7      | Found Vomile's Distillery.
  5990 | D:8      | Reached XP level 10. HP: 73/96 MP: 8/8
  6058 | D:8      | Noticed an obsidian statue
  6081 | D:8      | Noticed an ice devil
  6082 | D:8      | Noticed a rust devil
  6082 | D:8      | Killed an obsidian statue
  6235 | D:8      | Found a shadowy altar of Dithmenos.
  6270 | D:8      | Reached ** piety under Makhleb
  6453 | D:8      | Got an ichor-stained hand axe
  6460 | D:8      | Identified the cursed +2 hand axe "Vow Tihe" {venom, rPois rF+ SInv} (You found it on level 8 of the Dungeon)
  6506 | D:8      | Noticed an orange crystal statue
  6562 | D:8      | Killed an orange crystal statue
  6562 | D:8      | Reached skill level 9 in Fighting
  6976 | D:9      | Noticed Pikel
  6994 | D:9      | Killed Pikel
  7266 | D:9      | Reached XP level 11. HP: 83/106 MP: 9/9
  7616 | D:10     | Entered Level 10 of the Dungeon
  7912 | D:10     | Noticed a hill giant
  7926 | D:10     | Killed a hill giant
  8089 | D:10     | Reached *** piety under Makhleb
  8363 | D:11     | Found a staircase to the Orcish Mines.
  8399 | D:11     | Upgraded the game from 0.17.0-26-gececa24 to 0.17.0-27-g4a3f43e
  8405 | D:11     | Noticed a hill giant
  8419 | D:11     | Killed a hill giant
  8419 | D:11     | Reached skill level 1 in Invocations
  8494 | D:11     | Reached **** piety under Makhleb
  8572 | D:11     | Noticed a hill giant
  8572 | D:11     | Noticed an eight-headed hydra
  8595 | D:11     | Killed a hill giant
  8612 | D:11     | Found a staircase to the Lair.
  8665 | D:11     | Noticed a hill giant
  8670 | D:11     | Noticed an eight-headed hydra
  8693 | D:11     | Killed a hill giant
  8736 | D:11     | HP: 8/162 [13-headed hydra (1)]
  8775 | D:11     | Killed a 14-headed hydra
  8943 | D:11     | Reached skill level 5 in Invocations
  9040 | D:11     | Killed an eight-headed hydra
  9171 | D:11     | Reached ***** piety under Makhleb
  9387 | D:11     | Reached skill level 10 in Fighting
  9498 | Lair:1   | Entered Level 1 of the Lair of Beasts
  9524 | Lair:1   | Found a labyrinth entrance.
  9543 | Lab      | Entered a labyrinth
 15217 | Lab      | Noticed a minotaur
 15231 | Lab      | Killed a minotaur
 15311 | Lair:1   | Reached XP level 12. HP: 83/116 MP: 0/13
 16190 | Lair:2   | Noticed Erica
 16211 | Lair:2   | Killed Erica
 16211 | Lair:2   | Reached skill level 10 in Shields
 16240 | Lair:2   | Reached skill level 10 in Armour
 16664 | Lair:2   | Reached skill level 10 in Axes
 16869 | Lair:2   | Noticed a seven-headed hydra
 16880 | Lair:2   | Killed a seven-headed hydra
 17498 | Lair:3   | Reached ****** piety under Makhleb
 17544 | Lair:3   | Noticed Fannar
 17563 | Lair:3   | Reached skill level 11 in Fighting
 17571 | Lair:3   | Killed Fannar
 17621 | Lair:3   | Gained mutation: Your flesh is cold resistant. [potion of beneficial mutation]
 17688 | Lair:3   | Noticed an eight-headed hydra
 17703 | Lair:3   | Killed an eight-headed hydra
 17793 | Lair:3   | Got a translucent war axe
 17794 | Lair:3   | Identified the cursed +0 war axe of the Original Sin {chop, rN+ Int+2} (You found it on level 3 of the Lair of Beasts)
 17823 | Lair:3   | Reached XP level 13. HP: 94/127 MP: 14/14
 18270 | Lair:4   | Noticed Urug
 18295 | Lair:4   | Killed Urug
 19171 | Lair:5   | Noticed Josephine
 19199 | Lair:5   | Killed Josephine
 20004 | Lair:6   | Found a hole to the Spider Nest.
 20176 | Lair:6   | Found a staircase to the Swamp.
 20205 | Lair:6   | Reached skill level 10 in Dodging
 20446 | Spider:1 | Entered Level 1 of the Spider Nest
 20526 | Spider:1 | Reached skill level 12 in Fighting
 20654 | Spider:1 | Gained mutation: You resist negative energy. [Deep Dwarf growth]
 20654 | Spider:1 | Reached XP level 14. HP: 138/138 MP: 16/16
 20712 | Spider:1 | Noticed Louise
 20728 | Spider:1 | Killed Louise
 20868 | Spider:1 | Got a pair of ancient gloves
 20879 | Spider:1 | Identified the cursed +0 pair of gloves of Widop {rPois MR+ Slay+3} (You found it on level 1 of the Spider Nest)
 21182 | Spider:2 | Noticed a ghost moth
 21201 | Spider:2 | Killed a ghost moth
 21216 | Spider:2 | Noticed Arachne
 21274 | Spider:2 | Killed Arachne
 21335 | Spider:2 | Noticed an emperor scorpion
 21386 | Spider:2 | Killed an emperor scorpion
 21386 | Spider:2 | Reached skill level 10 in Invocations
 21412 | Spider:2 | Noticed Jorgrun
 21419 | Spider:2 | Killed Jorgrun
 21488 | Spider:2 | Noticed a ghost moth
 21492 | Spider:2 | Killed a ghost moth
 21566 | Spider:2 | Noticed Wiglaf
 21592 | Spider:2 | Killed Wiglaf
 21701 | Spider:3 | Reached skill level 13 in Fighting
 21711 | Spider:3 | Got a heavily runed turquoise ring
 21714 | Spider:3 | Identified the ring "Anuwkowk" {rF+ Dex+3 Stlth+} (You found it on level 3 of the Spider Nest)
 22012 | Spider:3 | Noticed Aizul
 22049 | Spider:3 | Killed Aizul
 22102 | Spider:3 | Reached XP level 15. HP: 120/147 MP: 17/19
 22129 | Spider:4 | Entered Level 4 of the Spider Nest
 23560 | Spider:4 | Reached skill level 14 in Fighting
 23635 | Spider:4 | Got a gossamer rune of Zot
 23927 | Swamp:1  | Entered Level 1 of the Swamp
 24156 | Swamp:1  | Reached XP level 16. HP: 112/159 MP: 20/20
 24226 | Swamp:1  | You fall through a shaft!
 24367 | Swamp:2  | Got a bloodstained scale mail
 24379 | Swamp:2  | Identified the +5 scale mail "Ogroh" {+Fly MR+ rCorr Str+3} (You found it on level 2 of the Swamp)
 24413 | Swamp:1  | Noticed Roxanne
 25030 | Swamp:1  | Killed Roxanne
 25036 | Swamp:1  | Identified Roxanne's Grimoire of the Rocks (You took it off Roxanne on level 1 of the Swamp)
 25929 | Swamp:3  | Got a twisted halberd
 25930 | Swamp:3  | Identified the +9 halberd of Dischord {antimagic, +Fly rC+ Int+3 Stlth+} (You found it on level 3 of the Swamp)
 27199 | Orc:1    | Entered Level 1 of the Orcish Mines
 28005 | Orc:1    | You fall through a shaft!
 28338 | Orc:3    | Found a roughly hewn altar of Beogh.
 28476 | Orc:3    | Noticed Gargoyl's ghost (journeyman DsAK)
 28506 | Orc:3    | Killed Gargoyl's ghost
 28890 | Orc:4    | Entered Level 4 of the Orcish Mines
 28891 | Orc:4    | Noticed Snorg
 28919 | Orc:4    | Killed Snorg
 29332 | Orc:4    | Found a roughly hewn altar of Beogh.
 29412 | Orc:4    | Found Xilim's Gadget Shoppe.
 29412 | Orc:4    | Found Soom's Assorted Antiques.
 29525 | Orc:4    | Found Fonkeytz's General Store.
 29563 | Orc:4    | Found Untetug's Assorted Antiques.
 29718 | Orc:4    | Found a staircase to the Elven Halls.
 29933 | Orc:3    | Noticed Harold
 29953 | Orc:3    | Killed Harold
 30071 | D:11     | Noticed a hill giant
 30085 | D:11     | Killed a hill giant
 30203 | Lair:7   | Reached skill level 15 in Fighting
 30262 | Lair:7   | Reached XP level 17. HP: 170/170 MP: 22/22
 30474 | Lair:7   | Found a frozen archway.
 30505 | IceCv    | Entered an ice cave
 30655 | IceCv    | Got a twisted arbalest
 30664 | IceCv    | Identified the +8 arbalest "Wathotto" {penet, SInv} (You found it in an ice cave)
 30686 | IceCv    | Identified a -1 rod of inaccuracy (14/14) (You found it in an ice cave)
 31381 | Lair:8   | Entered Level 8 of the Lair of Beasts
 31394 | Lair:8   | Found a viscous altar of Jiyva.
 31394 | Lair:8   | Found a staircase to the Slime Pits.
 32463 | Swamp:4  | Entered Level 4 of the Swamp
 33000 | Swamp:4  | Got a decaying rune of Zot
 33017 | Swamp:4  | Identified a scroll of acquirement
 33772 | Slime:1  | Entered Level 1 of the Pits of Slime
 34026 | Slime:2  | Gained mutation: Your body sometimes deteriorates upon taking damage. [a shining eye]
 34085 | Slime:2  | Lost mutation: Your body sometimes deteriorates upon taking damage. [a shining eye]
 34407 | Slime:3  | Gained mutation: Armour fits poorly on your strangely shaped body. [a shining eye]
 34410 | Slime:3  | Gained mutation: You are frail (-10% HP). [a shining eye]
 34443 | Slime:3  | Gained mutation: You passively map a large area around you. [Deep Dwarf growth]
 34443 | Slime:3  | Reached XP level 18. HP: 162/162 MP: 23/23
 34483 | Slime:3  | Gained mutation: You are dopey. (Int -2) [a shining eye]
 34491 | Slime:3  | Gained mutation: You are clumsy. (Dex -2) [a shining eye]
 34494 | Slime:3  | Gained mutation: You are very clumsy. (Dex -4) [a shining eye]
 34496 | Slime:3  | Gained mutation: You are covered in fur (AC +1). [a shining eye]
 34498 | Slime:3  | Gained mutation: You are very frail (-20% HP). [a shining eye]
 34673 | Slime:3  | Slain by an acid blob

Action                   |  1- 3 |  4- 6 |  7- 9 | 10-12 | 13-15 | 16-18 || total
-------------------------+-------+-------+-------+-------+-------+-------++-------
Melee: War axe           |   101 |   130 |       |     3 |    31 |       ||   265
       Hand axe          |       |    48 |   559 |  1147 |  1684 |  2155 ||  5593
       Morningstar       |       |       |       |    48 |    28 |   306 ||   382
       Trident           |       |       |       |    12 |       |       ||    12
       Halberd           |       |       |       |       |       |    37 ||    37
Invok: Major Destruction |       |       |       |     1 |       |       ||     1
       Greater Servant o |       |       |       |       |     1 |     2 ||     3
       Lesser Servant of |       |       |       |       |       |     1 ||     1
 Abil: Device Recharging |       |       |     2 |     2 |       |     1 ||     5
       Evoke Berserk Rag |       |       |       |       |     1 |       ||     1
Evoke: Wand              |     1 |     3 |    10 |    45 |    11 |    21 ||    91
       Lamp of fire      |       |       |       |       |     1 |       ||     1
  Use: Potion            |       |     1 |     7 |     8 |     5 |     1 ||    22
       Scroll            |       |       |    18 |    18 |     6 |    18 ||    60
 Stab: Distracted        |       |       |       |       |     2 |       ||     2
       Sleeping          |       |       |       |       |       |     1 ||     1
  Eat: Bread ration      |     1 |       |     2 |     1 |     1 |     1 ||     6
       Meat ration       |       |     1 |     1 |     6 |     4 |     2 ||    14
       Royal jelly       |       |       |     1 |       |       |     3 ||     4
       Fruit             |       |       |       |     6 |     1 |     9 ||    16
       Beef jerky        |       |       |       |     4 |     1 |     6 ||    11
       Pizza             |       |       |       |     1 |       |     2 ||     3
